Description

Byun fabrica 3 barracas cerca de la base de TY's y produce reapers para harraser la base de TY's.

Byun gana..

comienza en el minuto 55:48 del VOD

VOD

https://www.youtube.com/watch?v=kpqPaLxTg_k

Replay - ByuN v TYTY: Game 3 - Apotheosis LE

Build Order

Get SALT Encoding   

  12  0:01  SCV  
  13  0:13  SCV  
  14  0:18  Supply Depot  
  14  0:25  SCV  
  15  0:41  Barracks  
  15  0:45  Refinery  
  16  1:00  Barracks  
  16  1:01  SCV  
  16  1:13  SCV  
  17  1:29  Reaper  
  17  1:30  Barracks  
  18  1:33  Refinery  
  18  1:36  SCV  
  19  1:50  Reaper  
  20  1:55  Orbital Command  
  20  2:01  Reaper  
  21  2:17  Reaper  
  21  2:19  Supply Depot  
  21  2:22  Reaper  
  23  2:40  Reaper  
  23  2:49  Reaper  
  23  2:50  SCV  
  24  2:56  Reaper  
  25  3:12  Reaper  
  25  3:13  SCV  
  25  3:19  Factory  
  26  3:25  SCV  
  25  3:38  Reaper  
  25  3:39  SCV  
  28  3:58  Supply Depot  
  28  4:02  Factory Tech Lab  
  29  4:21  Command Center  
Spawning Tool Build Advisor. Get it on Overwolf

Go to:

Details

  • Created by: Morwidsc_2
  • Published on: Sep 20, 2017
  • Modified on: Sep 20, 2017
  • Patch: 3.8.0
Show
View Real Time Build Order
Export as new Build Order

Comments (2)

On May 26, 2019, 6:44 p.m., ANTI  said:

He also left a time to go to in the video...

On Sept. 23, 2017, 10:10 a.m., madkappa  said:

Links hour and a half video for a 3 rax reaper build. nice.

Create an account to comment!